[Event "Titled Tuesday Blitz January 17 Early 2023"]
[White "Tomaszewski, Kacper"]
[Black "Sadubayev, Airat"]
[WhiteFideId "1127373"]
[BlackFideId "13713264"]
[WhiteElo "2313"]
[BlackElo "2320"]
[Result "0-1"]
[Round "08"]
[TimeControl "180+2"]
[Date "2023.01.17"]
[WhiteClock "0:00:10"]
[BlackClock "0:00:18"]

1. e4 c6 2. Nf3 d5 3. d3 dxe4 4. dxe4 Qxd1+ 5. Kxd1 Nf6 6. Nfd2 h5 7. a4 g6 8. f3 Bh6 9. Nc4 Bxc1 10. Kxc1 Be6 11. Ne3 Nbd7 12. Nc3 O-O-O 13. a5 Ne5 14. Na4 Kc7 15. Nc5 Bc8 16. h3 g5 17. Bc4 Rd4 18. b3 Rhd8 19. Kb2 Rd2 20. Rhg1 h4 21. Kc3 Nh5 22. Nd3 Nxd3 23. Bxd3 R2xd3+ 24. cxd3 Nf4 25. Rgd1 e5 26. Ra2 Be6 27. d4 exd4+ 28. Rxd4 Rxd4 29. Kxd4 Bxb3 30. Ra3 Be6 31. Ke5 Nh5 32. Ng4 c5 33. Rc3 Kc6 34. Rc1 b5 35. axb6 axb6 36. Rd1 c4 37. Rd6+ Kc5 38. Rd8 b5 39. Nf6 Nxf6 40. Kxf6 c3 41. Rd1 b4 42. Kxg5 b3 43. f4 b2 44. f5 Bb3 45. Rd8 b1=Q 46. Rc8+ Kd4 47. Rd8+ Ke3 48. e5 Qg1 49. e6 Qxg2+ 50. Kf6 Bxe6 51. fxe6 fxe6 0-1


[Site "https://www.chess.com"]

[Event "Titled Tuesday Blitz January 17 Early 2023"]
[White "Pasaribu, Ivan Maxmillian Putra"]
[Black "Piesik, Piotr"]
[WhiteFideId "7104219"]
[BlackFideId "1136194"]
[WhiteElo "2229"]
[BlackElo "2426"]
[Result "0-1"]
[Round "08"]
[TimeControl "180+2"]
[Date "2023.01.17"]
[WhiteClock "0:01:07"]
[BlackClock "0:01:45"]

1. e4 g6 2. d4 Bg7 3. Nc3 c6 4. Nf3 d6 5. Bc4 Nf6 6. Bg5 b5 7. Bd3 b4 8. Ne2 Bg4 9. Nd2 O-O 10. h3 Bc8 11. c3 a5 12. Nf3 Nbd7 13. e5 dxe5 14. dxe5 Nd5 15. e6 fxe6 16. Ned4 Nc5 17. Bc4 Qd6 18. O-O bxc3 19. Bxd5 exd5 20. bxc3 e5 21. Ne2 Bxh3 22. Ng3 Bg4 0-1


[Site "https://www.chess.com"]

[Event "Titled Tuesday Blitz January 17 Early 2023"]
[White "Kuzmin, Roman"]
[Black "Aloma Vidal, Robert"]
[WhiteFideId "44134932"]
[BlackFideId "2260409"]
[WhiteElo "2198"]
[BlackElo "2442"]
[Result "0-1"]
[Round "08"]
[TimeControl "180+2"]
[Date "2023.01.17"]
[WhiteClock "0:00:35"]
[BlackClock "0:00:06"]

1. e4 e5 2. Nf3 Nf6 3. Nxe5 d6 4. Nf3 Nxe4 5. d4 d5 6. Bd3 Bd6 7. O-O O-O 8. c4 c6 9. Re1 Bf5 10. Qb3 Na6 11. Nc3 Re8 12. cxd5 cxd5 13. Qxd5 Nxc3 14. Qxf5 Rxe1+ 15. Nxe1 g6 16. Qf3 Nd5 17. Be4 Qa5 18. Bh6 Re8 19. Nd3 Nac7 20. g3 f5 21. Bxd5+ Qxd5 22. Qxd5+ Nxd5 23. Re1 Rc8 24. Re2 Kf7 25. Kg2 Rc4 26. Ne5+ Bxe5 27. dxe5 Ke6 28. Bf8 f4 29. Bd6 g5 30. Kf3 h5 31. gxf4 Rxf4+ 32. Kg3 Rg4+ 33. Kf3 Rh4 34. Rc2 Rxh2 35. Rc8 Nf4 36. Rc7 Kd5 37. Rxb7 Rh3# 0-1


[Site "https://www.chess.com"]

[Event "Titled Tuesday Blitz January 17 Early 2023"]
[White "Leiva, Gianmarco"]
[Black "marik_spb"]
[WhiteFideId "3804399"]
[WhiteElo "2392"]
[BlackElo "2466"]
[Result "1-0"]
[Round "08"]
[TimeControl "180+2"]
[Date "2023.01.17"]
[WhiteClock "0:00:03"]
[BlackClock "0:00:01"]

1. e4 c6 2. d4 d5 3. e5 Bf5 4. Nf3 e6 5. Be2 c5 6. Be3 Qb6 7. Nc3 Nc6 8. O-O Qxb2 9. Nb5 O-O-O 10. dxc5 Qxc2 11. Qe1 Bxc5 12. Rc1 Bb4 13. Nxa7+ Kd7 14. Bd2 Bxd2 15. Nxd2 Qb2 16. Bb5 Ne7 17. Nb3 Ra8 18. Qb4 Rxa7 19. Nc5+ Kc7 20. Qxb2 Rha8 21. a4 Kd8 22. Rfe1 Ke8 23. h3 Kf8 24. Qd2 h6 25. Nb3 Kg8 26. Nd4 Nxd4 27. Qxd4 b6 28. Qxb6 Ng6 29. Rc8+ Rxc8 30. Qxa7 Nf4 31. a5 Be4 32. f3 Rc2 33. fxe4 Rxg2+ 34. Kh1 Rb2 35. Bf1 Nh5 36. a6 Ng3+ 37. Kg1 dxe4 38. Qe3 Nf5 39. Qxe4 Ra2 40. Qd3 Nh4 41. Qc3 g6 42. Ra1 1-0


[Site "https://www.chess.com"]

[Event "Titled Tuesday Blitz January 17 Early 2023"]
[White "Dehtiarov, Roman"]
[Black "Mamedov, Edgar"]
[WhiteFideId "14186640"]
[BlackFideId "13739980"]
[WhiteElo "2289"]
[BlackElo "2193"]
[Result "1/2-1/2"]
[Round "08"]
[TimeControl "180+2"]
[Date "2023.01.17"]
[WhiteClock "0:00:15"]
[BlackClock "0:00:05"]

1. e4 c5 2. Nc3 e6 3. f4 Nc6 4. Nf3 d5 5. Bb5 Ne7 6. O-O a6 7. Bxc6+ Nxc6 8. exd5 exd5 9. d4 cxd4 10. Re1+ Be7 11. Nxd4 O-O 12. Be3 Bf6 13. Qd2 Re8 14. Bf2 Rxe1+ 15. Rxe1 Bxd4 16. Bxd4 Bf5 17. Na4 Nxd4 18. Qxd4 Rc8 19. c3 Be4 20. Nc5 b6 21. Nxe4 dxe4 22. Qxd8+ Rxd8 23. Rxe4 g6 24. Rd4 Re8 25. Kf2 Re6 26. g3 Kg7 27. a4 h5 28. Rd3 Kf6 29. c4 Rc6 30. b3 Ke7 31. Rd5 Re6 32. a5 bxa5 33. Rxa5 Rb6 34. Ra3 Kd6 35. Ke3 Kc5 36. Kd3 Kb4 37. Ra1 Rd6+ 38. Kc2 Re6 39. Ra4+ Kc5 40. Kd3 Kb6 41. b4 Re1 42. c5+ Kb5 43. Ra5+ Kxb4 44. Rxa6 Kxc5 45. Rf6 Re7 46. f5 Rd7+ 47. Ke3 gxf5 48. Rxf5+ Kd6 49. Rxh5 Ke6 50. Ra5 f6 51. g4 Rh7 52. Ra2 Rh4 53. Kf4 Rh3 54. Re2+ Kf7 55. Kf5 Rf3+ 56. Ke4 Rh3 57. Kf4 Kg6 58. Rf2 Rh8 59. Kg3 Ra8 60. Rf3 Ra1 61. h4 Rg1+ 62. Kf4 Rh1 63. h5+ Kg7 64. Kf5 Ra1 65. Re3 Ra5+ 66. Kf4 Ra4+ 67. Re4 Ra5 68. Rc4 Ra1 69. Rc7+ Kh6 70. Rf7 Rf1+ 71. Kg3 f5 72. Rxf5 Rxf5 73. gxf5 Kg5 74. h6 Kxh6 75. Kf4 Kg7 76. Ke5 Kf7 77. f6 Kf8 78. Ke4 Kf7 79. Kf5 Kf8 80. Kg5 Kf7 81. Kf5 Kf8 82. Kg6 Kg8 83. Kg5 Kf7 84. Kf5 1/2-1/2


[Site "https://www.chess.com"]

[Event "Titled Tuesday Blitz January 17 Early 2023"]
[White "Carnicelli, Valerio"]
[Black "Jovic, Stanoje"]
[WhiteFideId "856185"]
[BlackFideId "905020"]
[WhiteElo "2370"]
[BlackElo "2075"]
[Result "0-1"]
[Round "08"]
[TimeControl "180+2"]
[Date "2023.01.17"]
[WhiteClock "0:00:01"]
[BlackClock "0:00:20"]

1. b3 Nf6 2. Bb2 e6 3. Nf3 Be7 4. g4 h6 5. Rg1 c5 6. d3 d5 7. Nbd2 Nc6 8. e3 b5 9. Ne5 Nxe5 10. Bxe5 a5 11. Qf3 a4 12. h4 axb3 13. axb3 Rxa1+ 14. Bxa1 Qa5 15. Be5 Qa2 16. Qd1 g5 17. Rh1 Rg8 18. hxg5 hxg5 19. Be2 b4 20. Qa1 Qxa1+ 21. Bxa1 Nd7 22. Nf3 Bb7 23. Rh7 Bf6 24. Bxf6 Nxf6 25. Rh1 Nxg4 26. Rg1 Nf6 27. Rxg5 Rxg5 28. Nxg5 d4 29. exd4 cxd4 30. Bf3 Nd5 31. Ne4 Ke7 32. Nc5 Bc8 33. Bxd5 exd5 34. Na4 Kd6 35. Nb2 Bg4 36. Na4 Bd7 37. Nb6 Bg4 38. Kd2 f6 39. Na4 Bd7 40. Nb2 Bg4 41. Ke1 Kc6 42. Kf1 Kd6 43. Kg2 Ke5 44. Kg3 Be2 45. f3 Bf1 46. Nd1 Be2 47. Nf2 Kf5 48. Ng4 Bd1 49. Nh6+ Ke6 50. Ng4 Bxc2 0-1


[Site "https://www.chess.com"]

[Event "Titled Tuesday Blitz January 17 Early 2023"]
[White "Melikyan, Gnel"]
[Black "Batsiashvili, Nino"]
[WhiteFideId "54109990"]
[BlackFideId "13602993"]
[WhiteElo "2238"]
[BlackElo "2467"]
[Result "0-1"]
[Round "08"]
[TimeControl "180+2"]
[Date "2023.01.17"]
[WhiteClock "0:00:19"]
[BlackClock "0:00:09"]

1. d4 Nf6 2. f3 c5 3. dxc5 e6 4. Be3 Na6 5. c3 Bxc5 6. Bxc5 Nxc5 7. Qd6 Qe7 8. Qxe7+ Kxe7 9. e4 b6 10. Nd2 Bb7 11. O-O-O Rhc8 12. Kb1 d5 13. exd5 Nxd5 14. Re1 Na4 15. Bc4 Rd8 16. Kc2 a6 17. Nh3 Rac8 18. Re2 b5 19. Bb3 Nc5 20. Bxd5 Rxd5 21. Nf4 Rd7 22. Rhe1 a5 23. Nb3 Nxb3 24. axb3 b4 25. c4 a4 26. Ra1 axb3+ 27. Kxb3 g5 28. Nh3 Rd3+ 29. Kc2 Rcd8 30. Nxg5 b3+ 0-1


[Site "https://www.chess.com"]

[Event "Titled Tuesday Blitz January 17 Early 2023"]
[White "Becerra, Juan David"]
[Black "Bodnaruk, Anastasia"]
[WhiteFideId "4404998"]
[BlackFideId "4181751"]
[WhiteElo "2382"]
[BlackElo "2350"]
[Result "0-1"]
[Round "08"]
[TimeControl "180+2"]
[Date "2023.01.17"]
[WhiteClock "0:00:01"]
[BlackClock "0:00:25"]

1. d4 Nf6 2. c4 g6 3. Nc3 Bg7 4. e4 d6 5. Nf3 O-O 6. Be2 e5 7. d5 a5 8. Bg5 h6 9. Be3 Na6 10. Nd2 Nd7 11. O-O Ndc5 12. a3 Bd7 13. Nb3 b6 14. Nxc5 Nxc5 15. b4 axb4 16. axb4 Rxa1 17. Qxa1 Nb3 18. Qa7 f5 19. f3 Nd4 20. Bd3 Rf7 21. c5 bxc5 22. bxc5 dxc5 23. Rb1 Kh7 24. Rb8 Qh4 25. Rb1 g5 26. exf5 Bxf5 27. Ne4 g4 28. Bxd4 exd4 29. Nxc5 gxf3 30. g3 f2+ 31. Kg2 Qh5 32. Qa2 Qh3+ 33. Kh1 Bxd3 0-1


[Site "https://www.chess.com"]

[Event "Titled Tuesday Blitz January 17 Early 2023"]
[White "Donskov, Anatoly"]
[Black "Royal, Shreyas"]
[WhiteFideId "24143413"]
[BlackFideId "448869"]
[WhiteElo "2279"]
[BlackElo "2438"]
[Result "0-1"]
[Round "08"]
[TimeControl "180+2"]
[Date "2023.01.17"]
[WhiteClock "0:00:11"]
[BlackClock "0:01:48"]

1. e4 c6 2. d4 d5 3. Nc3 dxe4 4. Nxe4 h6 5. Bc4 Bf5 6. Ng3 Bh7 7. Nf3 Nd7 8. O-O Ngf6 9. Re1 e6 10. Bd3 Bxd3 11. Qxd3 Bd6 12. b3 O-O 13. Bb2 c5 14. Rad1 cxd4 15. Qxd4 Bxg3 16. hxg3 Qe7 17. c4 Rfd8 18. Qf4 a6 19. Rd2 Nc5 20. Bxf6 Qxf6 21. Qxf6 gxf6 22. Red1 Rxd2 23. Rxd2 a5 24. Kf1 Kf8 25. Rd4 Ke7 26. Ke2 a4 27. b4 Na6 28. a3 Nc7 29. Nd2 b5 30. Rh4 Rh8 31. Kd3 Rd8+ 32. Kc3 bxc4 33. Nxc4 Nb5+ 34. Kb2 Rd3 35. Rxh6 Rb3+ 36. Ka2 Nc3+ 37. Ka1 Rb1# 0-1


[Site "https://www.chess.com"]

[Event "Titled Tuesday Blitz January 17 Early 2023"]
[White "Tasev, Dejan"]
[Black "Bychkov, Vladimir"]
[WhiteFideId "936618"]
[BlackFideId "24151513"]
[WhiteElo "2205"]
[BlackElo "2225"]
[Result "0-1"]
[Round "08"]
[TimeControl "180+2"]
[Date "2023.01.17"]
[WhiteClock "0:00:02"]
[BlackClock "0:00:54"]

1. e4 c6 2. d4 d5 3. Nc3 dxe4 4. Nxe4 Nf6 5. Nxf6+ exf6 6. c3 Bd6 7. Bd3 Na6 8. Qc2 Nc7 9. Ne2 h5 10. h3 a5 11. O-O a4 12. Bd2 Nd5 13. Rae1 Kf8 14. a3 b5 15. f4 g6 16. Ng3 f5 17. Ne2 Kg7 18. Kh1 Be6 19. Ng1 Nb6 20. Nf3 Nc4 21. Ne5 Qc7 22. Bc1 h4 23. Qe2 Bd5 24. Nxc4 bxc4 25. Bxc4 Rhe8 26. Qd3 Rxe1 27. Rxe1 Bxf4 28. Bxd5 cxd5 29. Qb5 Bxc1 30. Rxc1 Qf4 31. Rf1 Qe4 32. Qb7 Re8 33. Qb4 Qd3 34. Rg1 Re3 35. Kh2 f4 36. Qd6 f3 37. gxf3 Rxf3 38. Qe5+ Kh7 39. Qxd5 Rxh3+ 40. Kg2 Rg3+ 41. Kh2 Rh3+ 42. Kg2 Qg3+ 43. Kf1 Qf4+ 0-1


[Site "https://www.chess.com"]

[Event "Titled Tuesday Blitz January 17 Early 2023"]
[White "Kabilov, Amin"]
[Black "Djokovic, Nebojsa"]
[WhiteFideId "14700859"]
[BlackFideId "938300"]
[WhiteElo "2207"]
[BlackElo "2119"]
[Result "0-1"]
[Round "08"]
[TimeControl "180+2"]
[Date "2023.01.17"]
[WhiteClock "0:00:01"]
[BlackClock "0:00:08"]

1. d4 e6 2. c4 Nf6 3. Nf3 Bb4+ 4. Nbd2 O-O 5. a3 Be7 6. e4 d6 7. Bd3 e5 8. O-O exd4 9. Nxd4 Nc6 10. N2f3 Nd7 11. b4 a5 12. Nxc6 bxc6 13. Bb2 Bf6 14. Qc2 Rb8 15. Rab1 axb4 16. axb4 h6 17. Nd4 Bb7 18. Nf5 Bxb2 19. Rxb2 Qf6 20. Rb3 Ra8 21. Be2 Ne5 22. Rg3 Ng6 23. c5 d5 24. h4 Bc8 25. Nxh6+ gxh6 26. h5 dxe4 27. hxg6 fxg6 28. Qxe4 Bf5 29. Bc4+ Kg7 30. Qf4 Ra7 31. Re3 Rb7 32. Rfe1 Rxb4 33. Re7+ Rf7 34. Rxf7+ Qxf7 35. Qe5+ Qf6 36. Qxc7+ Kf8 37. Ba2 Rb2 0-1


[Site "https://www.chess.com"]

[Event "Titled Tuesday Blitz January 17 Early 2023"]
[White "Aizpurua, Patrick Emilio"]
[Black "Degenbaev, Aziz"]
[WhiteFideId "6600522"]
[BlackFideId "13802640"]
[WhiteElo "2304"]
[BlackElo "2203"]
[Result "1/2-1/2"]
[Round "08"]
[TimeControl "180+2"]
[Date "2023.01.17"]
[WhiteClock "0:01:31"]
[BlackClock "0:00:20"]

1. d4 Nf6 2. Nf3 g6 3. c4 Bg7 4. Nc3 O-O 5. g3 d6 6. Bg2 c5 7. O-O Nc6 8. dxc5 dxc5 9. Be3 Be6 10. Qa4 Qa5 11. Qb5 a6 12. Qxa5 Nxa5 13. Bxc5 Nxc4 14. b3 Rfc8 15. Bxe7 Nb6 16. Rac1 Rxc3 17. Rxc3 Nfd5 18. Bc5 Bxc3 19. e4 Rc8 20. exd5 Nxd5 21. Bd4 b5 22. Bxc3 Nxc3 23. Nd4 Nxa2 24. Bb7 Rb8 25. Bxa6 Nb4 26. Bxb5 Bxb3 27. Rb1 Nc2 28. Nxc2 Bxc2 29. Rc1 Rxb5 30. Rxc2 Kg7 31. g4 Rb4 32. h3 Ra4 33. Rc5 Rb4 34. Kg2 h6 35. Kg3 Rb3+ 36. f3 Rb4 37. h4 Rb1 38. g5 hxg5 39. hxg5 Rg1+ 40. Kf4 Rh1 41. Kg4 Rg1+ 42. Kf4 Rh1 43. Ke3 Re1+ 44. Kf2 Ra1 45. Rc2 Ra5 46. f4 Ra4 47. Kf3 Ra3+ 48. Kg4 Ra1 49. Rg2 Rb1 50. Re2 Rf1 51. Re3 Rg1+ 52. Rg3 Rf1 53. Rf3 Rg1+ 54. Kh3 Rh1+ 55. Kg2 Ra1 56. Kg3 Rg1+ 57. Kf2 Ra1 58. Ke3 Ra3+ 59. Ke4 Ra4+ 60. Kd5 Ra5+ 61. Kc6 Ra6+ 62. Kd7 Ra7+ 63. Kc8 Ra8+ 64. Kb7 Ra4 65. Kb6 Rb4+ 66. Kc5 Rb1 67. Rc3 Rf1 68. Rc4 Rf2 69. Kd5 Rf1 70. Ke5 Re1+ 71. Re4 Ra1 72. Rd4 Ra5+ 73. Ke4 Ra1 74. Rd3 Re1+ 75. Re3 Rb1 76. Kf3 Rf1+ 77. Ke4 Rf2 78. Rf3 Re2+ 79. Kd3 Ra2 80. Kc4 Ra4+ 81. Kd3 Ra3+ 82. Ke4 Ra4+ 83. Kd3 Ra3+ 84. Ke4 1/2-1/2


[Site "https://www.chess.com"]

[Event "Titled Tuesday Blitz January 17 Early 2023"]
[White "Divya Deshmukh"]
[Black "Skurikhin, Dmitrij"]
[WhiteFideId "35006916"]
[BlackFideId "4161297"]
[WhiteElo "2372"]
[BlackElo "2297"]
[Result "1-0"]
[Round "08"]
[TimeControl "180+2"]
[Date "2023.01.17"]
[WhiteClock "0:01:17"]
[BlackClock "0:00:04"]

1. d4 d5 2. c4 c6 3. Nc3 Nf6 4. Nf3 dxc4 5. a4 Bf5 6. Ne5 Nbd7 7. Nxc4 Qc7 8. g3 e5 9. dxe5 Nxe5 10. Bf4 Nfd7 11. Bg2 f6 12. O-O Nc5 13. Qd4 Nb3 14. Qe3 Bc5 15. Bxe5 fxe5 16. Qg5 O-O 17. Rad1 h6 18. Qh5 Rae8 19. e4 Bh7 20. Ne3 Bxe3 21. fxe3 Rxf1+ 22. Bxf1 g6 23. Qxh6 Qf7 24. Be2 Na5 25. b4 Nc4 26. Bxc4 Qxc4 27. Rd7 1-0


[Site "https://www.chess.com"]

[Event "Titled Tuesday Blitz January 17 Early 2023"]
[White "Rios Escobar, Adan"]
[Black "Saravana, Krishnan P."]
[WhiteFideId "3403645"]
[BlackFideId "5018382"]
[WhiteElo "2234"]
[BlackElo "2284"]
[Result "1-0"]
[Round "08"]
[TimeControl "180+2"]
[Date "2023.01.17"]
[WhiteClock "0:00:35"]
[BlackClock "0:01:04"]

1. d4 e6 2. c4 Nf6 3. g3 Bb4+ 4. Nd2 a5 5. Bg2 O-O 6. Nf3 d6 7. O-O Re8 8. Nb1 d5 9. Qc2 dxc4 10. Nbd2 b6 11. Ng5 h6 12. Bxa8 hxg5 13. Nxc4 Nd5 14. a3 Be7 15. e4 Nf6 16. Rd1 c6 17. Bxg5 Qc7 18. Bf4 Qa7 19. Bxb8 Qxa8 20. Bc7 b5 21. Nb6 Qb7 22. Nxc8 Rxc8 23. Bxa5 c5 24. d5 exd5 25. exd5 Bd6 26. Qf5 b4 27. axb4 cxb4 28. Bb6 Re8 29. Bd4 Nxd5 30. Bxg7 Kxg7 31. Qg5+ Kf8 32. Rxd5 Be7 33. Qh6+ Kg8 34. Rh5 1-0


[Site "https://www.chess.com"]

[Event "Titled Tuesday Blitz January 17 Early 2023"]
[White "Bazarov, Konstantin"]
[Black "Dimitrov, Atanas"]
[WhiteFideId "4137000"]
[BlackFideId "2901315"]
[WhiteElo "2235"]
[BlackElo "2269"]
[Result "0-1"]
[Round "08"]
[TimeControl "180+2"]
[Date "2023.01.17"]
[WhiteClock "0:00:07"]
[BlackClock "0:00:06"]

1. d4 Nf6 2. c4 g6 3. Nc3 d5 4. Bg5 Ne4 5. Bh4 Nxc3 6. bxc3 Bg7 7. e3 c6 8. Nf3 Bg4 9. Be2 O-O 10. Qb3 b6 11. h3 Bxf3 12. Bxf3 Nd7 13. cxd5 cxd5 14. Bxd5 Rc8 15. O-O Nf6 16. Bf3 Qc7 17. Rac1 Qc4 18. Qb2 e5 19. Be2 Qa4 20. Bb5 Qa5 21. Rfd1 Ne4 22. c4 exd4 23. exd4 Nd6 24. Be7 Nf5 25. Bxf8 Rxf8 26. Bd7 Nh4 27. Qd2 Rd8 28. Qxa5 bxa5 29. Bb5 Nf5 30. c5 Nxd4 31. c6 Rc8 32. Ba4 Ne2+ 33. Kf1 Nxc1 34. Rxc1 Bd4 35. Rd1 Bb6 36. Rd7 Rc7 37. Rd2 Kg7 38. g3 h5 39. Kg2 Kf6 40. Rd6+ Ke7 41. Rd2 Kf6 42. Kf3 Ke5 43. Re2+ Kd5 44. Re4 Kc5 45. g4 hxg4+ 46. hxg4 Kd5 47. Rf4 Ke5 48. Re4+ Kd6 49. Re8 Kc5 50. Ke2 Kb4 51. Re4+ Ka3 52. f3 f5 53. gxf5 gxf5 54. Rc4 Re7+ 55. Kf1 Kb2 56. Kg2 Kxa2 57. Kg3 Bc7+ 58. Kh4 Rg7 59. Rc5 Rf7 60. Kg5 f4 61. Kg6 Re7 62. Rd5 Re6+ 63. Kf5 Re3 64. Rd7 Bb6 65. Rb7 Rxf3 66. Ke6 Rc3 67. Kd6 f3 68. Rf7 f2 69. Bb5 Kb3 70. Ba6 a4 71. Kd7 a3 72. Rf5 a2 73. Rb5+ Kc2 74. Rf5 a1=Q 75. Rxf2+ Kb3 76. Rb2+ Qxb2 77. c7 Qd2+ 78. Ke6 Rxc7 79. Kf5 Qd7+ 80. Ke5 Rc5+ 81. Ke4 Qd5+ 0-1


[Site "https://www.chess.com"]

[Event "Titled Tuesday Blitz January 17 Early 2023"]
[White "Kozin, Yuri"]
[Black "Gurvich, Vitaly"]
[WhiteFideId "4129920"]
[BlackFideId "24164852"]
[WhiteElo "2251"]
[BlackElo "2278"]
[Result "0-1"]
[Round "08"]
[TimeControl "180+2"]
[Date "2023.01.17"]
[WhiteClock "0:00:44"]
[BlackClock "0:01:19"]

1. e4 d6 2. d4 e6 3. Nc3 Be7 4. Bd3 Nc6 5. Nge2 Nf6 6. Be3 O-O 7. Ng3 e5 8. d5 Nb4 9. Qd2 Ng4 10. a3 Nxd3+ 11. Qxd3 Nxe3 12. Qxe3 g6 13. O-O Bg5 14. Qd3 f5 15. f3 f4 16. Nge2 h5 17. Kf2 Bh6 18. Ke1 g5 19. Kd2 g4 20. Rad1 Kg7 21. Kc1 Bd7 22. Kb1 b5 23. Nxb5 Qb8 24. Nbc3 Qb6 25. Na2 Rfb8 26. Qc3 a5 27. Ka1 Kg6 28. Rb1 Bb5 29. Qd2 Bc4 30. Rg1 Qc5 31. h3 g3 32. Nec1 Qxg1 33. Nd3 Qb6 34. Qc3 Qb5 35. Nxe5+ dxe5 36. Qxe5 Bxa2 37. Qe6+ Kg7 38. Qe7+ Kh8 39. Kxa2 Bg7 40. e5 Qxd5+ 41. Ka1 Qxe5 0-1


[Site "https://www.chess.com"]

[Event "Titled Tuesday Blitz January 17 Early 2023"]
[White "Balabayeva, Xeniya"]
[Black "Domingo Nunez, Ruben"]
[WhiteFideId "13719688"]
[BlackFideId "22245570"]
[WhiteElo "2191"]
[BlackElo "2416"]
[Result "1-0"]
[Round "08"]
[TimeControl "180+2"]
[Date "2023.01.17"]
[WhiteClock "0:00:06"]
[BlackClock "0:00:02"]

1. d4 g6 2. c4 Bg7 3. Nc3 d6 4. e4 Nd7 5. h3 e5 6. Be3 h5 7. Be2 Bh6 8. Bxh6 Nxh6 9. Nf3 f6 10. Nh4 Nf8 11. Qd2 Be6 12. O-O-O Qe7 13. d5 Bd7 14. Nf3 Nf7 15. h4 O-O-O 16. Kb1 Kb8 17. Rc1 f5 18. Bd3 f4 19. Rc2 g5 20. hxg5 Nxg5 21. Nxg5 Qxg5 22. f3 h4 23. Nb5 a6 24. Na3 h3 25. gxh3 Rxh3 26. Rhc1 Rxf3 27. c5 dxc5 28. Rxc5 Qg3 29. Bxa6 bxa6 30. Rxc7 Ka8 31. Qa5 Rxa3 32. Qb6 Qd3+ 33. Ka1 Rxa2+ 34. Kxa2 Qd4 35. Qb7# 1-0


[Site "https://www.chess.com"]

[Event "Titled Tuesday Blitz January 17 Early 2023"]
[White "Averjanov, Alexey"]
[Black "Musovic, Armin"]
[WhiteFideId "14109867"]
[BlackFideId "939935"]
[WhiteElo "2399"]
[BlackElo "2261"]
[Result "0-1"]
[Round "08"]
[TimeControl "180+2"]
[Date "2023.01.17"]
[WhiteClock "0:00:13"]
[BlackClock "0:00:53"]

1. d4 d5 2. c4 c5 3. dxc5 d4 4. Nf3 Nc6 5. a3 a5 6. e3 e5 7. exd4 exd4 8. Nbd2 Qe7+ 9. Qe2 Nf6 10. Nb3 Bg4 11. Qxe7+ Bxe7 12. Nfxd4 O-O-O 13. Be3 Nxd4 14. Bxd4 a4 15. f3 Bh5 16. c6 axb3 17. cxb7+ Kxb7 18. Be3 Rhe8 19. Kf2 Nd7 20. Be2 Bc5 21. Bxc5 Nxc5 22. Rhd1 Bg6 23. a4 Bc2 24. Rd5 Rxd5 25. cxd5 Kc7 26. Bb5 Nd3+ 27. Kg3 Rd8 28. Bc4 Nxb2 29. Bxb3 Bxb3 30. Rb1 Bxd5 31. Rxb2 Ra8 32. Rb4 Bc6 33. Rh4 h6 34. Rg4 g5 35. Rc4 Rxa4 36. Rxa4 Bxa4 37. Kg4 Kd6 38. Kh5 Ke5 39. Kxh6 f6 40. Kg7 Bc6 41. h3 Kf5 42. Kh6 Bb5 43. h4 gxh4 44. Kh5 Bf1 45. Kxh4 Bxg2 46. Kg3 Bf1 47. Kf2 Ba6 48. Ke3 Bb7 49. Kf2 Kf4 50. Kg2 Bxf3+ 51. Kf2 Bc6 52. Kg1 Be8 53. Kg2 f5 54. Kf2 Kg5 55. Kg2 f4 56. Kf3 Kf5 57. Kf2 Ke4 58. Ke2 f3+ 59. Kf2 Kf4 60. Kf1 Kg3 61. Kg1 Bb5 62. Kh1 Ba6 63. Kg1 f2+ 64. Kh1 f1=Q# 0-1


[Site "https://www.chess.com"]

[Event "Titled Tuesday Blitz January 17 Early 2023"]
[White "Vlassov, Nikolai"]
[Black "Padmini, Rout"]
[WhiteFideId "4103360"]
[BlackFideId "5029295"]
[WhiteElo "2283"]
[BlackElo "2375"]
[Result "1-0"]
[Round "08"]
[TimeControl "180+2"]
[Date "2023.01.17"]
[WhiteClock "0:00:47"]
[BlackClock "0:00:12"]

1. e4 c5 2. c3 Nc6 3. d4 cxd4 4. cxd4 d6 5. d5 Ne5 6. f4 Ng6 7. Nf3 Nf6 8. Nc3 e6 9. Bb5+ Bd7 10. dxe6 fxe6 11. f5 exf5 12. exf5 Ne5 13. Nxe5 dxe5 14. Bg5 Bxb5 15. Qxd8+ Rxd8 16. Nxb5 Bb4+ 17. Ke2 O-O 18. g4 Rd5 19. Nc7 Rc5 20. Ne6 Rc2+ 21. Kd3 Rfc8 22. Bxf6 gxf6 23. a3 Ba5 24. b4 R8c3+ 25. Ke4 Re2+ 26. Kd5 Rd2+ 27. Ke4 Bb6 28. Rhe1 Rxh2 29. Rad1 Rc4+ 30. Kd5 Rxg4 31. Nc5 Bxc5 32. bxc5 Rb2 33. Ke6 Kg7 34. Rd7+ Kh6 35. Kxf6 Rh2 36. Rxe5 Rg8 37. Rxb7 a5 38. c6 Rc2 39. Re6 Kh5 40. Rxh7+ Kg4 41. Kf7 Rc8 42. f6 Kg5 43. Kg7 R2xc6 44. Rxc6 Rxc6 45. f7 Rc7 46. Kg8 Kg6 47. Rg7+ Kh6 48. f8=Q 1-0


[Site "https://www.chess.com"]

[Event "Titled Tuesday Blitz January 17 Early 2023"]
[White "Weetik, Vjacheslav"]
[Black "Kvaloy, Aksel Bu"]
[WhiteFideId "4153472"]
[BlackFideId "1528815"]
[WhiteElo "2423"]
[BlackElo "2321"]
[Result "0-1"]
[Round "08"]
[TimeControl "180+2"]
[Date "2023.01.17"]
[WhiteClock "0:00:03"]
[BlackClock "0:01:43"]

1. d4 Nf6 2. c4 e6 3. Nf3 d5 4. Nc3 Bb4 5. cxd5 exd5 6. Bg5 O-O 7. Qc2 h6 8. Bh4 c5 9. dxc5 d4 10. O-O-O Nc6 11. Ne4 Bf5 12. Nxf6+ Qxf6 13. Bxf6 Bxc2 14. Kxc2 gxf6 15. Nxd4 Nxd4+ 16. Rxd4 Bxc5 17. Rg4+ Kh8 18. e3 Rac8 19. Kb1 Rfd8 20. Bc4 Rd2 21. Rf4 Bd6 22. Rh4 Be5 23. f4 Rxc4 0-1


[Site "https://www.chess.com"]

[Event "Titled Tuesday Blitz January 17 Early 2023"]
[White "Gauri, Shankar"]
[Black "Santos Flores, Alberto"]
[WhiteFideId "5041350"]
[BlackFideId "3601234"]
[WhiteElo "2360"]
[BlackElo "2164"]
[Result "1/2-1/2"]
[Round "08"]
[TimeControl "180+2"]
[Date "2023.01.17"]
[WhiteClock "0:00:10"]
[BlackClock "0:00:06"]

1. Nf3 d5 2. d4 Nf6 3. c4 c6 4. cxd5 cxd5 5. Nc3 Nc6 6. Bf4 a6 7. e3 Bg4 8. Be2 e6 9. Rc1 Be7 10. h3 Bxf3 11. Bxf3 O-O 12. O-O Rc8 13. Na4 Nd7 14. a3 b5 15. Nc5 Nxc5 16. dxc5 Na5 17. b4 Nc4 18. a4 Nb2 19. Qb3 Nxa4 20. Rfd1 a5 21. e4 axb4 22. exd5 Nxc5 23. Qxb4 Nd3 24. Rxc8 Qxc8 25. Qxe7 Nxf4 26. d6 Qd8 27. Qb7 Qb8 28. d7 Qxb7 29. Bxb7 Rd8 30. Bc6 b4 31. g3 Ng6 32. f4 Kf8 33. Rb1 Ne7 34. Ba4 Nd5 35. Bc6 Ke7 36. Kf2 Kd6 37. Ba4 Kc5 38. Kf3 Nc3 39. Rc1 Kd6 40. Bb3 Rxd7 41. Ra1 Rc7 42. Ra5 Nd5 43. Ba4 Rc3+ 44. Kf2 Ra3 45. Ra6+ Kc5 46. Rc6+ Kd4 47. Bb5 Nc3 48. Rc4+ Kd5 49. Rxb4 Nxb5 50. Rxb5+ Kd6 51. Rb6+ Ke7 52. Rb7+ Kf6 53. h4 h5 54. Rb5 g6 55. Rb7 Ra5 56. Rb6 Kf5 57. Rb7 f6 58. Rg7 e5 59. fxe5 Rxe5 60. Rg8 Ra5 61. Kf3 Ra3+ 62. Kf2 g5 63. hxg5 fxg5 64. Rb8 Ra4 65. Rb3 Kg4 66. Rb2 Rc4 67. Kg2 Rc3 68. Rb4+ Kf5 69. Rb5+ Kg6 70. Rb6+ Kf5 71. Rb5+ Kf6 72. Rb6+ Kf5 73. Rb5+ 1/2-1/2


[Site "https://www.chess.com"]